 Dungeon Crawl Stone Soup version 0.17.0-24-gcfadda4 (webtiles) character file.

310 Helmschank the Digger (level 6, -2/36 HPs)
             Began as a Gargoyle Earth Elementalist on Nov 16, 2015.
             Killed from afar by Natasha (10 damage)
             ... with a magic dart
             ... on level 3 of the Dungeon.
             The game lasted 00:22:51 (3640 turns).

Helmschank the Digger (Gargoyle Earth Elementalist) Turns: 3640, Time: 00:22:51

Health: -2/36      AC:  8    Str: 14    XL:     6   Next: 41%
Magic:  7/9        EV: 12    Int: 15    God:
Gold:   170        SH:  0    Dex: 10    Spells: 3 memorised, 3 levels left

rFire  . . .     SeeInvis .     w - +0 mace
rCold  . . .     Clarity  .     E - +0 leather armour
rNeg   + . .     SustAt   .     (no shield)
rPois  ∞         Gourm    .     q - +0 helmet
rElec  +         Spirit   .     (no cloak)
rCorr  .         Warding  .     (no gloves)
rMut   .         Stasis   .     (no boots)
MR     .....                    (no amulet)
Stlth  ++........               (no ring)
                                (no ring)

@: slowed, very slow, not resistant to hostile enchantments, unstealthy
A: negative energy resistance 1, electricity resistance, unbreathing,
petrification resistance, rot immunity, AC +4
a: no special abilities


You were on level 3 of the Dungeon.
You were not hungry.

You visited 1 branch of the dungeon, and saw 3 of its levels.

You collected 170 gold pieces.

Inventory:

Hand Weapons
 h - a +0 spear
 j - a +1 short sword of venom
 w - a +0 mace (weapon)
 I - a +0 whip
Missiles
 e - 93 stones (quivered)
Armour
 a - a +0 ring mail
 b - a +0 chain mail
 q - a +0 helmet (worn)
 u - a +0 scale mail
 E - a +0 leather armour (worn)
Jewellery
 o - an uncursed ring of protection from fire {unknown}
 y - an uncursed amulet of stasis
 H - a +3 ring of intelligence {unknown}
Scrolls
 f - a scroll of fear {unknown}
 k - 4 scrolls of remove curse {unknown}
 m - a scroll of immolation {unknown}
 n - 2 scrolls of identify {unknown}
 s - a scroll of enchant armour {unknown}
 t - a scroll of amnesia {unknown}
 v - a scroll of teleportation {unknown}
 x - 2 scrolls of enchant weapon {unknown}
 G - a scroll of blinking {unknown}
Potions
 g - a potion of might {unknown}
 i - a potion of lignification {unknown}
 p - 2 potions of heal wounds {unknown}
 z - a potion of flight {unknown}
 A - a potion of poison {unknown}
 C - 2 potions of degeneration {unknown}
 F - a potion of curing
Books
 c - a book of Geomancy

   Spells                             Type                      Level
   a - Sandblast                      Earth                        1
   b - Stoneskin                      Transmutation/Earth          2
   c - Passwall                       Transmutation/Earth          3
   d - Stone Arrow                    Conjuration/Earth            3
   e - Petrify                        Transmutation/Earth          4
   f - Lee's Rapid Deconstruction     Earth                        5
Comestibles
 d - 3 bread rations
 l - 2 chunks of flesh
 r - 2 meat rations
 B - a slice of pizza


   Skills:
 + Level 2.9 Fighting
 * Level 3.6 Maces & Flails
 + Level 1.2 Armour
 - Level 2.4 Dodging
 - Level 2.1 Stealth
 - Level 2.0 Spellcasting
 + Level 2.0 Conjurations
 - Level 1.1 Transmutations
 - Level 4.0 Earth Magic


You had 3 spell levels left.
You knew the following spells:

 Your Spells              Type           Power        Failure   Level  Hunger
a - Stone Arrow           Conj/Erth      ##....       24%         3    ###....
z - Sandblast             Erth           ##....       6%          1    #......
Q - Stoneskin             Trmt/Erth      #.......     14%         2    ###....


Dungeon Overview and Level Annotations

Branches:
Dungeon (3/15)

Altars:

Annotations:
D:3 Natasha


Innate Abilities, Weirdness & Mutations

You are resistant to torment.
Your stone body is resilient (AC +4).
You are immune to poison.
You resist negative energy.
You are resistant to electric shocks.
You can survive without breathing.
You are immune to petrification.
You are immune to rotting.


Message History

You feel disoriented. Natasha claws you. The white imp completely misses you.
Natasha claws you but does no damage.
The crimson imp blinks!
The white imp gestures at you. The puff of frost hits you!
You hit Natasha.
Natasha is almost dead.
Your skin feels tender.
Natasha closely misses you. The white imp gestures at you.
The puff of frost hits you!
* * * LOW HITPOINT WARNING * * *
Natasha claws you.
* * * LOW HITPOINT WARNING * * *
The white imp misses you.
You closely miss Natasha.
Natasha is almost dead.
Natasha stares at you and mumbles some strange words.
The magic dart hits you!
You die...

##..#≈≈≈)≈≈≈#.#
#...####'####.#
#...####>####.#
#..).<.###....#
#..........####
#......###### .
#.........).#
....########...######.###
......oh@5§..............
..$...#######.#######.###
....# #.# #.## ### #.#
#..# #..######.# ##.##
#......#.# ###...
#.####...######....#
##...##...)#...
##.))#.#######


You could see Natasha, a white imp and an orc.

Vanquished Creatures
  A giant frog (D:3)
  2 orc priests (D:3)
  Ijyb (D:3)
  Robin (D:3)
  5 adders
  4 worms
  2 giant geckos
  An orc (D:3)
  9 bats
  2 giant cockroaches
  15 hobgoblins
  7 jackals
  11 kobolds
  3 quokkas
  5 giant newts
  18 goblins
  5 rats
92 creatures vanquished.

Notes
Turn   | Place    | Note
--------------------------------------------------------------
     0 | D:1      | Helmschank the Gargoyle Earth Elementalist began the quest for the Orb.
     0 | D:1      | Reached XP level 1. HP: 10/10 MP: 3/3
   184 | D:1      | Reached skill level 1 in Fighting
   184 | D:1      | Reached XP level 2. HP: 9/16 MP: 0/5
   191 | D:1      | Learned a level 2 spell: Stoneskin
   423 | D:1      | Reached skill level 1 in Transmutations
   604 | D:1      | Reached skill level 1 in Maces & Flails
   733 | D:1      | Reached XP level 3. HP: 18/20 MP: 4/6
  1147 | D:2      | Reached XP level 4. HP: 13/25 MP: 1/7
  1911 | D:2      | Learned a level 3 spell: Stone Arrow
  2288 | D:3      | Noticed Ijyb
  2337 | D:3      | Killed Ijyb
  2337 | D:3      | Reached skill level 1 in Conjurations
  2337 | D:3      | Reached skill level 4 in Earth Magic
  2337 | D:3      | Reached XP level 5. HP: 24/30 MP: 0/8
  2745 | D:3      | Noticed Robin
  3036 | D:3      | Killed Robin
  3217 | D:3      | Reached XP level 6. HP: 17/36 MP: 1/9
  3615 | D:3      | Noticed a giant frog
  3616 | D:3      | Noticed Natasha
  3624 | D:3      | Killed a giant frog
  3624 | D:3      | Reached skill level 1 in Armour
  3640 | D:3      | Killed from afar by Natasha

Action                   |  1- 3 |  4- 6 || total
-------------------------+-------+-------++-------
Melee: Whip              |    73 |   163 ||   236
       Unarmed           |     1 |       ||     1
       Mace              |       |   127 ||   127
Throw: Stone             |     4 |     7 ||    11
 Cast: Sandblast         |    38 |    40 ||    78
       Stoneskin         |     1 |    15 ||    16
 Stab: Sleeping          |       |     3 ||     3
  Eat: Chunk             |     1 |    11 ||    12
